[ AOE2 MATCH · #486786452 ]
UnrankedMongols vs Cumans
[ REPLAY ANALYSIS · EXTRACTED FROM THE RECORDED GAME ]
Feudal
10:57
Castle
14:27
Imperial
28:49
| APM avg | 51.6 |
| APM peak | 94 |
| eAPM avg | 32.0 |
| Villagers / military | 171 / 420 |
Focus
⚔️ 44.1% · 🌾 55.9%
Scout Cavalry ×236 · Mangudai ×148 · Battering Ram ×22 · Camel Scout ×9 · Steppe Lancer ×4 · Mangonel ×1
Feudal
10:08
Castle
13:54
Imperial
28:07
| APM avg | 44.0 |
| APM peak | 84 |
| eAPM avg | 29.1 |
| Villagers / military | 157 / 587 |
Focus
⚔️ 61.3% · 🌾 38.7%
Throwing Axeman ×371 · Scout Cavalry ×142 · Knight ×49 · Trebuchet (Packed) ×17 · Bombard Cannon ×7 · Monk ×1
Feudal
8:55
Castle
19:39
Imperial
34:16
| APM avg | 49.9 |
| APM peak | 82 |
| eAPM avg | 26.7 |
| Villagers / military | 198 / 399 |
Focus
⚔️ 31.2% · 🌾 68.8%
Skirmisher ×216 · Knight ×170 · Scout Cavalry ×11 · Trade Cart ×10 · Battering Ram ×2
Feudal
11:26
Castle
15:14
Imperial
25:34
| APM avg | 39.8 |
| APM peak | 91 |
| eAPM avg | 26.6 |
| Villagers / military | 155 / 221 |
Focus
⚔️ 38.4% · 🌾 61.6%
Cavalry Archer ×112 · Scout Cavalry ×67 · Janissary ×27 · Bombard Cannon ×7 · Skirmisher ×4 · Mangonel ×2
Feudal
8:26
Castle
23:26
Imperial
29:31
| APM avg | 25.3 |
| APM peak | 64 |
| eAPM avg | 17.2 |
| Villagers / military | 98 / 134 |
Focus
⚔️ 39.8% · 🌾 60.2%
Skirmisher ×107 · Spearman ×24 · Teutonic Knight ×2 · Trebuchet (Packed) ×1
Feudal
11:22
Castle
14:58
Imperial
25:53
| APM avg | 51.4 |
| APM peak | 97 |
| eAPM avg | 36.3 |
| Villagers / military | 177 / 305 |
Focus
⚔️ 47.0% · 🌾 53.0%
Composite Bowman ×207 · Monk ×67 · Trade Cart ×24 · Battering Ram ×15 · Trebuchet (Packed) ×13 · Mangonel ×3
Feudal
10:11
Castle
15:51
Imperial
45:57
| APM avg | 25.3 |
| APM peak | 86 |
| eAPM avg | 16.4 |
| Villagers / military | 167 / 307 |
Focus
⚔️ 24.9% · 🌾 75.1%
Spearman ×231 · Skirmisher ×71 · Mangonel ×5
Feudal
11:28
Castle
15:00
Imperial
28:10
| APM avg | 58.4 |
| APM peak | 115 |
| eAPM avg | 34.5 |
| Villagers / military | 186 / 486 |
Focus
⚔️ 62.2% · 🌾 37.8%
Scout Cavalry ×184 · Camel Scout ×177 · Hand Cannoneer ×88 · Trade Cart ×50 · Gbeto ×16 · Battering Ram ×13
Match map
Initial resources + every placement click. Lines = walls · curves = elevation contours. ◆ gold · ⬟ stone · ● berries · ✦ relic · ◌ wall gap
Your base· ✓ Closed at 14:27 · 0t walls · 3 gate(s)
小白's base· ✓ Closed at 13:54 · 0t walls · 2 gate(s)
散步小鵝's base· ✓ Closed at 19:39 · 0t walls · 2 gate(s)
luff's base· ✓ Closed at 15:14 · 11t walls · 3 gate(s)
MrLaoLiu's base· ✓ Closed at 23:26 · 1t walls · 4 gate(s)
ANKR.ice cream's base· ✓ Closed at 14:58 · 0t walls · 2 gate(s)
口古口古嘎嘎's base· ✓ Closed at 15:51 · 46t walls · 2 gate(s)
raybb9429's base· ✓ Closed at 15:00 · 0t walls · 3 gate(s)
Smoothed initial terrain · ◌ = detected wall gap · hover for details
Inputs per minute
— 色狼英雄传 - - 小白
Build order — 色狼英雄传
First 150 of 625 actions detected
| 0:02 | Create | Villager (Male) |
| 0:02 | Create | Villager (Male) |
| 0:03 | Create | Villager (Male) |
| 0:03 | Build | House |
| 0:04 | Build | House |
| 0:07 | Create | Villager (Male) |
| 0:07 | Create | Villager (Male) |
| 0:07 | Create | Villager (Male) |
| 1:25 | Build | House |
| 1:29 | Build | House |
| 1:30 | Build | House |
| 1:34 | Create | Villager (Male) |
| 1:34 | Create | Villager (Male) |
| 2:01 | Create | Villager (Male) |
| 2:01 | Create | Villager (Male) |
| 2:24 | Create | Villager (Male) |
| 2:24 | Create | Villager (Male) |
| 2:45 | Create | Villager (Male) |
| 3:08 | Create | Villager (Male) |
| 3:08 | Create | Villager (Male) |
| 3:28 | Build | Lumber Camp |
| 3:40 | Create | Villager (Male) |
| 3:57 | Create | Villager (Male) |
| 3:57 | Create | Villager (Male) |
| 3:58 | Create | Villager (Male) |
| 4:09 | Create | Villager (Male) |
| 4:19 | Create | Villager (Male) |
| 4:24 | Create | Villager (Male) |
| 4:25 | Create | Villager (Male) |
| 4:35 | Create | Villager (Male) |
| 4:35 | Create | Villager (Male) |
| 5:08 | Create | Villager (Male) |
| 5:08 | Create | Villager (Male) |
| 5:33 | Build | Mill |
| 5:43 | Create | Villager (Male) |
| 6:09 | Create | Villager (Male) |
| 6:21 | Build | Farm |
| 6:38 | Build | Farm |
| 7:46 | Create | Villager (Male) |
| 7:47 | Research | Feudal Age |
| 9:06 | Build | House |
| 9:40 | Create | Villager (Male) |
| 9:40 | Create | Villager (Male) |
| 9:57 | Build | Lumber Camp |
| 10:57 | Age | Feudal Age |
| 10:59 | Build | Market |
| 11:01 | Build | Blacksmith |
| 11:07 | Research | Double-Bit Axe |
| 11:47 | Research | Castle Age |
| 11:47 | Research | Castle Age |
| 11:49 | Research | Horse Collar |
| 12:25 | Build | Farm |
| 12:35 | Build | House |
| 12:50 | Build | Farm |
| 12:54 | Build | Farm |
| 12:59 | Create | Villager (Male) |
| 13:05 | Build | Farm |
| 13:07 | Build | Farm |
| 13:09 | Build | Farm |
| 13:12 | Build | Farm |
| 13:15 | Build | Farm |
| 14:27 | Age | Castle Age |
| 14:33 | Build | Town Center |
| 14:35 | Research | Bow Saw |
| 14:45 | Build | Town Center |
| 14:48 | Create | Villager (Male) |
| 14:51 | Research | Heavy Plow |
| 14:51 | Research | Heavy Plow |
| 15:23 | Create | Villager (Male) |
| 15:25 | Create | Villager (Male) |
| 15:49 | Create | Villager (Male) |
| 15:56 | Build | Farm |
| 16:09 | Build | Farm |
| 16:10 | Create | Villager (Male) |
| 16:12 | Build | Farm |
| 16:13 | Create | Villager (Male) |
| 16:22 | Build | Farm |
| 16:24 | Build | Farm |
| 16:27 | Build | Farm |
| 16:30 | Build | Farm |
| 16:33 | Create | Villager (Male) |
| 16:35 | Create | Villager (Male) |
| 16:39 | Build | Farm |
| 16:41 | Build | Farm |
| 16:43 | Create | Villager (Male) |
| 16:43 | Create | Villager (Male) |
| 16:48 | Create | Villager (Male) |
| 16:48 | Create | Villager (Male) |
| 17:05 | Build | Farm |
| 17:07 | Create | Villager (Male) |
| 17:09 | Create | Villager (Male) |
| 17:09 | Create | Villager (Male) |
| 17:13 | Build | Farm |
| 17:17 | Build | Farm |
| 17:20 | Create | Villager (Male) |
| 17:20 | Create | Villager (Male) |
| 17:24 | Build | Farm |
| 17:26 | Create | Villager (Male) |
| 17:26 | Create | Villager (Male) |
| 17:30 | Create | Villager (Male) |
| 17:33 | Build | House |
| 17:36 | Create | Villager (Male) |
| 17:36 | Create | Villager (Male) |
| 17:51 | Build | Farm |
| 18:02 | Build | House |
| 18:04 | Create | Villager (Male) |
| 18:04 | Create | Villager (Male) |
| 18:09 | Create | Villager (Male) |
| 18:10 | Create | Villager (Male) |
| 18:10 | Create | Villager (Male) |
| 18:28 | Build | House |
| 18:37 | Research | Wheelbarrow |
| 18:37 | Research | Wheelbarrow |
| 18:38 | Create | Villager (Male) |
| 18:38 | Create | Villager (Male) |
| 18:51 | Build | Town Center |
| 18:54 | Create | Villager (Male) |
| 18:54 | Create | Villager (Male) |
| 18:56 | Build | Farm |
| 19:00 | Create | Villager (Male) |
| 19:04 | Build | Farm |
| 19:06 | Create | Villager (Male) |
| 19:06 | Create | Villager (Male) |
| 19:11 | Build | House |
| 19:22 | Build | Farm |
| 19:24 | Create | Villager (Male) |
| 19:29 | Build | Farm |
| 19:37 | Build | Farm |
| 19:42 | Create | Villager (Male) |
| 19:45 | Build | House |
| 19:47 | Build | House |
| 19:50 | Create | Villager (Male) |
| 20:08 | Research | Hand Cart |
| 20:08 | Research | Hand Cart |
| 20:09 | Create | Villager (Male) |
| 20:09 | Create | Villager (Male) |
| 20:10 | Create | Villager (Male) |
| 20:23 | Create | Villager (Male) |
| 20:24 | Create | Villager (Male) |
| 20:28 | Build | Farm |
| 20:32 | Create | Villager (Male) |
| 20:32 | Create | Villager (Male) |
| 20:33 | Create | Villager (Male) |
| 20:47 | Build | Barracks |
| 20:59 | Build | Mining Camp |
| 21:02 | Create | Villager (Male) |
| 21:03 | Build | House |
| 21:04 | Build | House |
| 21:05 | Build | House |
| 21:06 | Build | House |
Build order — 小白
First 150 of 989 actions detected
| 0:01 | Create | Villager (Male) |
| 0:03 | Build | House |
| 0:04 | Build | House |
| 0:10 | Create | Villager (Male) |
| 0:10 | Create | Villager (Male) |
| 0:10 | Create | Villager (Male) |
| 0:10 | Create | Villager (Male) |
| 0:10 | Create | Villager (Male) |
| 0:11 | Create | Villager (Male) |
| 1:27 | Create | Villager (Male) |
| 1:27 | Create | Villager (Male) |
| 1:27 | Create | Villager (Male) |
| 1:52 | Build | Lumber Camp |
| 2:06 | Create | Villager (Male) |
| 2:06 | Create | Villager (Male) |
| 2:19 | Create | Villager (Male) |
| 2:19 | Create | Villager (Male) |
| 2:20 | Create | Villager (Male) |
| 2:47 | Create | Villager (Male) |
| 3:07 | Build | House |
| 3:21 | Create | Villager (Male) |
| 3:21 | Create | Villager (Male) |
| 3:21 | Create | Villager (Male) |
| 3:40 | Build | House |
| 3:48 | Create | Villager (Male) |
| 3:48 | Create | Villager (Male) |
| 4:33 | Create | Villager (Male) |
| 4:33 | Create | Villager (Male) |
| 5:00 | Create | Villager (Male) |
| 5:00 | Create | Villager (Male) |
| 5:19 | Build | Mill |
| 5:51 | Create | Villager (Male) |
| 5:51 | Create | Villager (Male) |
| 5:51 | Create | Villager (Male) |
| 6:23 | Create | Villager (Male) |
| 6:57 | Create | Villager (Male) |
| 7:37 | Build | Mining Camp |
| 7:50 | Research | Feudal Age |
| 8:20 | Create | Villager (Male) |
| 8:20 | Create | Villager (Male) |
| 10:08 | Age | Feudal Age |
| 10:11 | Build | Market |
| 10:13 | Build | Blacksmith |
| 10:35 | Build | Farm |
| 11:05 | Build | Farm |
| 11:14 | Research | Castle Age |
| 11:14 | Research | Castle Age |
| 11:15 | Research | Castle Age |
| 11:15 | Research | Castle Age |
| 11:18 | Build | Farm |
| 11:28 | Build | House |
| 12:04 | Research | Double-Bit Axe |
| 12:05 | Research | Double-Bit Axe |
| 12:05 | Research | Double-Bit Axe |
| 12:39 | Build | Lumber Camp |
| 13:06 | Create | Villager (Male) |
| 13:21 | Build | House |
| 13:54 | Age | Castle Age |
| 14:00 | Build | Monastery |
| 14:05 | Build | Town Center |
| 14:09 | Create | Villager (Male) |
| 14:12 | Build | Farm |
| 14:16 | Build | Farm |
| 14:18 | Build | Farm |
| 14:34 | Create | Villager (Male) |
| 14:45 | Build | House |
| 14:55 | Create | Monk |
| 15:03 | Build | Farm |
| 15:07 | Build | Farm |
| 15:08 | Build | Farm |
| 15:09 | Build | Farm |
| 15:11 | Create | Villager (Male) |
| 15:29 | Create | Villager (Male) |
| 15:36 | Build | Farm |
| 15:45 | Create | Villager (Male) |
| 16:04 | Build | Town Center |
| 16:05 | Create | Villager (Male) |
| 16:06 | Create | Villager (Male) |
| 16:20 | Create | Villager (Male) |
| 16:21 | Create | Villager (Male) |
| 16:23 | Build | Farm |
| 16:31 | Create | Villager (Male) |
| 16:36 | Build | Farm |
| 16:48 | Create | Villager (Male) |
| 16:50 | Build | Farm |
| 16:58 | Create | Villager (Male) |
| 16:59 | Create | Villager (Male) |
| 17:02 | Build | Farm |
| 17:13 | Create | Villager (Male) |
| 17:19 | Build | Farm |
| 17:25 | Create | Villager (Male) |
| 17:31 | Build | Farm |
| 17:40 | Create | Villager (Male) |
| 17:44 | Build | House |
| 17:49 | Create | Villager (Male) |
| 17:55 | Create | Villager (Male) |
| 18:00 | Build | Farm |
| 18:02 | Create | Villager (Male) |
| 18:08 | Build | Farm |
| 18:13 | Create | Villager (Male) |
| 18:13 | Create | Villager (Male) |
| 18:22 | Build | House |
| 18:23 | Build | House |
| 18:24 | Build | House |
| 18:26 | Create | Villager (Male) |
| 18:28 | Create | Villager (Male) |
| 18:30 | Research | Loom |
| 18:33 | Build | Farm |
| 18:35 | Build | Farm |
| 18:48 | Create | Villager (Male) |
| 18:48 | Create | Villager (Male) |
| 18:53 | Build | Farm |
| 19:00 | Create | Villager (Male) |
| 19:01 | Create | Villager (Male) |
| 19:09 | Build | Farm |
| 19:27 | Create | Villager (Male) |
| 19:28 | Create | Villager (Male) |
| 19:28 | Create | Villager (Male) |
| 19:29 | Create | Villager (Male) |
| 19:46 | Build | House |
| 19:47 | Build | House |
| 19:50 | Create | Villager (Male) |
| 19:50 | Create | Villager (Male) |
| 19:51 | Create | Villager (Male) |
| 20:00 | Build | Farm |
| 20:10 | Research | Bow Saw |
| 20:10 | Research | Bow Saw |
| 20:16 | Build | Farm |
| 20:21 | Create | Villager (Male) |
| 20:21 | Create | Villager (Male) |
| 20:40 | Create | Villager (Male) |
| 20:41 | Create | Villager (Male) |
| 20:42 | Create | Villager (Male) |
| 20:42 | Create | Villager (Male) |
| 20:49 | Build | House |
| 20:50 | Build | House |
| 20:50 | Build | House |
| 20:52 | Build | House |
| 20:56 | Build | Farm |
| 20:58 | Create | Villager (Male) |
| 20:59 | Create | Villager (Male) |
| 21:04 | Create | Villager (Male) |
| 21:11 | Create | Villager (Male) |
| 21:26 | Create | Villager (Male) |
| 21:27 | Create | Villager (Male) |
| 21:28 | Create | Villager (Male) |
| 21:35 | Build | Town Center |
| 21:55 | Create | Villager (Male) |
| 21:55 | Create | Villager (Male) |
| 21:56 | Create | Villager (Male) |
Build order — 散步小鵝
First 150 of 563 actions detected
| 0:01 | Create | Villager (Male) |
| 0:01 | Create | Villager (Male) |
| 0:01 | Create | Villager (Male) |
| 0:02 | Build | House |
| 0:04 | Build | House |
| 0:11 | Create | Villager (Male) |
| 0:11 | Create | Villager (Male) |
| 1:38 | Create | Villager (Male) |
| 1:38 | Create | Villager (Male) |
| 1:48 | Build | Lumber Camp |
| 1:54 | Create | Villager (Male) |
| 1:54 | Create | Villager (Male) |
| 2:12 | Create | Villager (Male) |
| 2:32 | Create | Villager (Male) |
| 2:32 | Create | Villager (Male) |
| 3:13 | Create | Villager (Male) |
| 3:13 | Create | Villager (Male) |
| 3:40 | Create | Villager (Male) |
| 3:51 | Build | House |
| 3:59 | Create | Villager (Male) |
| 4:30 | Build | Mill |
| 4:36 | Create | Villager (Male) |
| 4:36 | Create | Villager (Male) |
| 5:02 | Create | Villager (Male) |
| 5:29 | Create | Villager (Male) |
| 6:14 | Create | Villager (Male) |
| 6:45 | Research | Feudal Age |
| 7:53 | Build | House |
| 8:29 | Create | Villager (Male) |
| 8:30 | Create | Villager (Male) |
| 8:55 | Age | Feudal Age |
| 8:59 | Build | Town Center |
| 9:07 | Research | Double-Bit Axe |
| 9:32 | Research | Horse Collar |
| 9:32 | Research | Horse Collar |
| 9:48 | Create | Villager (Male) |
| 9:54 | Create | Villager (Male) |
| 10:19 | Build | Farm |
| 10:21 | Create | Villager (Male) |
| 10:41 | Build | Farm |
| 10:43 | Create | Villager (Male) |
| 10:45 | Create | Villager (Male) |
| 10:57 | Build | Farm |
| 10:58 | Create | Villager (Male) |
| 11:03 | Build | Farm |
| 11:07 | Build | Farm |
| 11:08 | Create | Villager (Male) |
| 11:20 | Build | Farm |
| 11:24 | Create | Villager (Male) |
| 11:31 | Build | Farm |
| 11:39 | Build | Farm |
| 11:51 | Build | Farm |
| 11:52 | Create | Villager (Male) |
| 11:59 | Build | House |
| 12:04 | Create | Villager (Male) |
| 12:08 | Build | House |
| 12:13 | Create | Villager (Male) |
| 12:21 | Build | Farm |
| 12:22 | Create | Villager (Male) |
| 12:28 | Create | Villager (Male) |
| 12:32 | Build | Farm |
| 12:38 | Create | Villager (Male) |
| 12:42 | Build | Farm |
| 12:43 | Create | Villager (Male) |
| 12:46 | Create | Villager (Male) |
| 12:49 | Build | House |
| 12:56 | Create | Villager (Male) |
| 13:00 | Build | Farm |
| 13:01 | Create | Villager (Male) |
| 13:08 | Create | Villager (Male) |
| 13:19 | Build | Farm |
| 13:20 | Create | Villager (Male) |
| 13:22 | Build | House |
| 13:26 | Create | Villager (Male) |
| 13:31 | Create | Villager (Male) |
| 13:41 | Build | Farm |
| 13:42 | Create | Villager (Male) |
| 13:47 | Build | House |
| 13:56 | Build | Farm |
| 14:05 | Research | Wheelbarrow |
| 14:14 | Build | Farm |
| 14:19 | Create | Villager (Male) |
| 14:22 | Build | House |
| 14:26 | Create | Villager (Male) |
| 14:35 | Create | Villager (Male) |
| 14:59 | Build | Barracks |
| 15:00 | Create | Villager (Male) |
| 15:20 | Create | Villager (Male) |
| 15:32 | Build | Farm |
| 15:38 | Build | Blacksmith |
| 15:39 | Create | Villager (Male) |
| 15:50 | Create | Villager (Male) |
| 15:56 | Build | Stable |
| 15:58 | Create | Villager (Male) |
| 16:15 | Create | Villager (Male) |
| 16:26 | Create | Villager (Male) |
| 16:35 | Build | House |
| 16:37 | Build | House |
| 16:40 | Research | Loom |
| 16:45 | Create | Villager (Male) |
| 16:52 | Build | Siege Workshop |
| 16:59 | Research | Castle Age |
| 17:20 | Build | Mining Camp |
| 17:22 | Create | Villager (Male) |
| 17:23 | Create | Villager (Male) |
| 17:40 | Research | Bloodlines |
| 17:40 | Research | Bloodlines |
| 17:52 | Build | House |
| 17:53 | Build | House |
| 18:00 | Research | Scale Barding Armor |
| 18:10 | Research | Gold Mining |
| 18:13 | Build | Farm |
| 18:15 | Build | Farm |
| 18:17 | Create | Villager (Male) |
| 18:47 | Build | Stable |
| 18:51 | Create | Villager (Male) |
| 19:03 | Research | Scale Barding Armor |
| 19:16 | Create | Battering Ram |
| 19:39 | Age | Castle Age |
| 19:42 | Create | Knight ×5 |
| 19:48 | Research | Capped Ram (upgrade) |
| 19:52 | Build | Stable |
| 19:59 | Create | Knight ×2 |
| 20:01 | Create | Villager (Male) |
| 20:16 | Create | Knight |
| 20:22 | Create | Villager (Male) |
| 20:29 | Create | Knight |
| 20:35 | Create | Knight |
| 20:35 | Create | Villager (Male) |
| 20:39 | Create | Battering Ram |
| 20:58 | Create | Knight |
| 20:58 | Create | Villager (Male) |
| 21:06 | Build | House |
| 21:07 | Build | House |
| 21:13 | Create | Knight |
| 21:32 | Create | Knight |
| 21:33 | Create | Villager (Male) |
| 21:46 | Create | Knight |
| 21:46 | Create | Knight |
| 21:59 | Create | Villager (Male) |
| 21:59 | Create | Villager (Male) |
| 22:06 | Create | Knight |
| 22:07 | Create | Knight |
| 22:19 | Create | Villager (Male) |
| 22:20 | Create | Villager (Male) |
| 22:24 | Build | Farm |
| 22:29 | Build | Town Center |
| 22:49 | Create | Villager (Male) |
| 22:52 | Create | Villager (Male) |
| 23:01 | Build | Market |
Build order — luff
First 150 of 627 actions detected
| 0:01 | Create | Villager (Male) |
| 0:01 | Create | Villager (Male) |
| 0:02 | Create | Villager (Male) |
| 0:02 | Build | House |
| 0:04 | Build | House |
| 0:24 | Create | Villager (Male) |
| 0:24 | Create | Villager (Male) |
| 1:24 | Create | Villager (Male) |
| 1:52 | Build | Lumber Camp |
| 2:02 | Create | Villager (Male) |
| 2:02 | Create | Villager (Male) |
| 2:17 | Create | Villager (Male) |
| 2:17 | Create | Villager (Male) |
| 2:39 | Create | Villager (Male) |
| 2:39 | Create | Villager (Male) |
| 2:59 | Build | House |
| 3:13 | Create | Villager (Male) |
| 3:13 | Create | Villager (Male) |
| 3:14 | Create | Villager (Male) |
| 4:08 | Build | Mill |
| 4:16 | Create | Villager (Male) |
| 4:16 | Create | Villager (Male) |
| 4:16 | Create | Villager (Male) |
| 4:46 | Create | Villager (Male) |
| 4:47 | Create | Villager (Male) |
| 4:53 | Create | Villager (Male) |
| 4:53 | Create | Villager (Male) |
| 5:21 | Build | House |
| 5:33 | Create | Villager (Male) |
| 5:34 | Create | Villager (Male) |
| 5:42 | Create | Villager (Male) |
| 5:43 | Create | Villager (Male) |
| 6:11 | Build | Mining Camp |
| 6:50 | Create | Villager (Male) |
| 7:26 | Create | Villager (Male) |
| 7:26 | Create | Villager (Male) |
| 8:02 | Build | Mining Camp |
| 8:08 | Build | House |
| 8:17 | Create | Villager (Male) |
| 8:18 | Create | Villager (Male) |
| 8:44 | Build | House |
| 9:03 | Research | Feudal Age |
| 9:04 | Research | Loom |
| 10:21 | Create | Villager (Male) |
| 10:50 | Build | Outpost |
| 11:26 | Age | Feudal Age |
| 11:30 | Build | Outpost |
| 11:36 | Build | Market |
| 11:39 | Build | Blacksmith |
| 11:53 | Build | Palisade Wall |
| 12:34 | Research | Castle Age |
| 12:47 | Research | Horse Collar |
| 12:53 | Build | Palisade Wall |
| 12:58 | Build | Farm |
| 12:59 | Build | Farm |
| 13:00 | Build | Farm |
| 13:37 | Build | Outpost |
| 13:42 | Research | Double-Bit Axe |
| 13:59 | Build | House |
| 14:15 | Create | Villager (Male) |
| 14:15 | Create | Villager (Male) |
| 14:33 | Build | House |
| 15:14 | Age | Castle Age |
| 15:17 | Build | Castle |
| 15:20 | Create | Villager (Male) |
| 15:21 | Create | Villager (Male) |
| 15:41 | Build | Siege Workshop |
| 16:10 | Build | Mill |
| 16:20 | Create | Villager (Male) |
| 16:40 | Build | Farm |
| 16:41 | Create | Villager (Male) |
| 16:50 | Build | Outpost |
| 16:57 | Build | Farm |
| 17:13 | Build | Farm |
| 17:20 | Create | Villager (Male) |
| 17:20 | Create | Villager (Male) |
| 17:22 | Create | Mangonel |
| 17:54 | Create | Janissary |
| 17:58 | Create | Villager (Male) |
| 18:02 | Build | Farm |
| 18:10 | Create | Villager (Male) |
| 18:28 | Build | Farm |
| 18:29 | Build | Farm |
| 18:33 | Create | Janissary |
| 18:40 | Create | Villager (Male) |
| 18:46 | Build | Farm |
| 18:57 | Build | Farm |
| 19:14 | Create | Villager (Male) |
| 19:14 | Create | Villager (Male) |
| 19:30 | Build | Farm |
| 19:31 | Build | Farm |
| 19:40 | Create | Villager (Male) |
| 19:46 | Build | Farm |
| 19:57 | Build | Farm |
| 21:06 | Create | Mangonel |
| 22:04 | Build | Castle |
| 22:24 | Research | Imperial Age |
| 22:24 | Research | Imperial Age |
| 22:36 | Build | Siege Workshop |
| 22:55 | Research | Fletching |
| 23:25 | Research | Town Watch |
| 23:56 | Research | Bow Saw |
| 24:02 | Research | Gold Mining |
| 24:02 | Research | Gold Mining |
| 25:29 | Create | Villager (Male) |
| 25:34 | Age | Imperial Age |
| 25:35 | Create | Trebuchet (Packed) |
| 25:37 | Create | Trebuchet (Packed) |
| 26:02 | Create | Bombard Cannon |
| 26:22 | Research | Wheelbarrow |
| 26:23 | Create | Villager (Male) |
| 26:23 | Create | Villager (Male) |
| 26:34 | Create | Janissary |
| 26:34 | Create | Janissary |
| 26:34 | Create | Janissary |
| 26:38 | Research | Padded Archer Armor |
| 27:02 | Create | Villager (Male) |
| 27:19 | Create | Bombard Cannon |
| 27:19 | Create | Bombard Cannon |
| 27:19 | Create | Bombard Cannon |
| 27:27 | Create | Villager (Male) |
| 27:28 | Create | Villager (Male) |
| 27:56 | Create | Janissary |
| 27:56 | Create | Janissary |
| 27:57 | Create | Janissary |
| 27:57 | Create | Janissary |
| 28:35 | Create | Villager (Male) |
| 28:48 | Create | Janissary |
| 28:49 | Create | Janissary |
| 28:49 | Create | Janissary |
| 28:49 | Create | Janissary |
| 28:49 | Create | Janissary |
| 29:06 | Build | Farm |
| 29:06 | Build | Farm |
| 29:06 | Build | Farm |
| 29:06 | Build | Farm |
| 29:07 | Build | Farm |
| 29:07 | Build | Farm |
| 29:07 | Build | Farm |
| 29:07 | Build | Farm |
| 29:27 | Build | Lumber Camp |
| 29:33 | Research | Conscription |
| 30:02 | Create | Villager (Male) |
| 30:16 | Create | Villager (Male) |
| 30:23 | Create | Janissary |
| 30:23 | Create | Janissary |
| 30:47 | Create | Janissary |
| 30:47 | Create | Janissary |
| 30:59 | Create | Janissary |
| 30:59 | Create | Janissary |
Build order — MrLaoLiu
First 150 of 410 actions detected
| 0:01 | Create | Villager (Male) |
| 0:02 | Build | House |
| 0:03 | Build | House |
| 0:04 | Create | Villager (Male) |
| 0:05 | Create | Villager (Male) |
| 0:05 | Create | Villager (Male) |
| 1:27 | Create | Villager (Male) |
| 1:27 | Create | Villager (Male) |
| 1:57 | Build | Lumber Camp |
| 2:01 | Create | Villager (Male) |
| 2:27 | Create | Villager (Male) |
| 2:27 | Create | Villager (Male) |
| 2:52 | Create | Villager (Male) |
| 2:52 | Create | Villager (Male) |
| 3:35 | Create | Villager (Male) |
| 3:48 | Build | House |
| 3:59 | Create | Villager (Male) |
| 4:03 | Create | Villager (Male) |
| 4:04 | Create | Villager (Male) |
| 4:04 | Create | Villager (Male) |
| 4:18 | Create | Villager (Male) |
| 4:26 | Build | Mining Camp |
| 5:17 | Research | Loom |
| 6:14 | Research | Feudal Age |
| 7:26 | Create | Villager (Male) |
| 7:26 | Create | Villager (Male) |
| 7:48 | Build | House |
| 8:26 | Age | Feudal Age |
| 8:27 | Build | Watch Tower |
| 8:31 | Build | Blacksmith |
| 8:39 | Create | Villager (Male) |
| 9:21 | Build | Watch Tower |
| 9:24 | Research | Fletching |
| 9:42 | Build | Watch Tower |
| 9:52 | Create | Villager (Male) |
| 9:52 | Create | Villager (Male) |
| 10:16 | Build | Watch Tower |
| 10:18 | Create | Villager (Male) |
| 10:24 | Build | House |
| 10:25 | Build | House |
| 10:58 | Create | Villager (Male) |
| 11:26 | Build | Mill |
| 11:33 | Create | Villager (Male) |
| 11:33 | Create | Villager (Male) |
| 11:59 | Create | Villager (Male) |
| 12:27 | Create | Villager (Male) |
| 12:35 | Build | Farm |
| 12:55 | Create | Villager (Male) |
| 12:55 | Create | Villager (Male) |
| 13:07 | Build | Watch Tower |
| 13:33 | Create | Villager (Male) |
| 13:37 | Build | Farm |
| 13:39 | Build | Farm |
| 14:20 | Build | Mining Camp |
| 14:25 | Create | Villager (Male) |
| 14:31 | Build | Farm |
| 14:32 | Build | Farm |
| 14:33 | Create | Villager (Male) |
| 14:45 | Build | Palisade Gate |
| 15:20 | Build | Palisade Wall |
| 15:36 | Create | Villager (Male) |
| 15:36 | Create | Villager (Male) |
| 15:38 | Build | Farm |
| 15:39 | Build | Farm |
| 15:40 | Create | Villager (Male) |
| 15:53 | Build | Palisade Gate |
| 16:04 | Build | Watch Tower |
| 16:10 | Create | Villager (Male) |
| 16:13 | Build | Farm |
| 16:15 | Build | Farm |
| 16:18 | Research | Horse Collar |
| 16:22 | Build | House |
| 16:25 | Research | Wheelbarrow |
| 16:38 | Build | Watch Tower |
| 16:48 | Research | Double-Bit Axe |
| 16:49 | Build | Farm |
| 16:54 | Build | House |
| 16:55 | Build | House |
| 16:56 | Build | House |
| 17:27 | Create | Villager (Male) |
| 17:43 | Create | Villager (Male) |
| 17:49 | Build | Farm |
| 18:17 | Create | Villager (Male) |
| 18:18 | Build | Farm |
| 18:42 | Build | Farm |
| 18:43 | Build | Farm |
| 19:42 | Create | Villager (Male) |
| 19:42 | Create | Villager (Male) |
| 19:44 | Build | Farm |
| 20:01 | Create | Villager (Male) |
| 20:04 | Build | Market |
| 20:25 | Build | Mining Camp |
| 20:44 | Research | Castle Age |
| 20:44 | Research | Castle Age |
| 22:26 | Build | Farm |
| 22:27 | Build | Farm |
| 22:47 | Build | Outpost |
| 22:52 | Research | Town Watch |
| 23:26 | Age | Castle Age |
| 23:30 | Build | Castle |
| 23:47 | Research | Bow Saw |
| 23:51 | Create | Villager (Male) |
| 23:51 | Create | Villager (Male) |
| 23:54 | Build | Farm |
| 24:11 | Build | University |
| 24:15 | Create | Villager (Male) |
| 24:19 | Create | Villager (Male) |
| 24:27 | Build | Outpost |
| 24:44 | Create | Villager (Male) |
| 24:47 | Build | Farm |
| 24:49 | Build | Farm |
| 25:25 | Build | Outpost |
| 25:54 | Create | Villager (Male) |
| 26:09 | Build | Outpost |
| 26:19 | Research | Imperial Age |
| 26:31 | Build | Town Center |
| 26:39 | Build | Town Center |
| 26:43 | Research | Gold Mining |
| 26:56 | Build | Outpost |
| 28:28 | Research | Bodkin Arrow |
| 28:33 | Build | Lumber Camp |
| 28:35 | Create | Villager (Male) |
| 28:35 | Create | Villager (Male) |
| 28:35 | Create | Villager (Male) |
| 28:36 | Create | Villager (Male) |
| 28:36 | Create | Villager (Male) |
| 28:36 | Create | Villager (Male) |
| 28:36 | Create | Villager (Male) |
| 28:37 | Create | Villager (Male) |
| 28:37 | Create | Villager (Male) |
| 29:18 | Create | Villager (Male) |
| 29:19 | Research | Hand Cart |
| 29:19 | Create | Villager (Male) |
| 29:28 | Research | Padded Archer Armor |
| 29:28 | Research | Padded Archer Armor |
| 29:31 | Age | Imperial Age |
| 29:44 | Build | Barracks |
| 29:52 | Build | Barracks |
| 30:04 | Create | Villager (Male) |
| 30:05 | Create | Villager (Male) |
| 30:06 | Create | Villager (Male) |
| 30:25 | Create | Villager (Male) |
| 30:32 | Build | Archery Range |
| 30:34 | Build | Archery Range |
| 30:56 | Build | Archery Range |
| 31:00 | Create | Villager (Male) |
| 31:00 | Create | Villager (Male) |
| 31:07 | Build | House |
| 31:08 | Build | House |
| 31:08 | Build | House |
Build order — ANKR.ice cream
First 150 of 742 actions detected
| 0:02 | Create | Villager (Male) |
| 0:02 | Create | Villager (Male) |
| 0:03 | Build | House |
| 0:04 | Build | House |
| 0:12 | Create | Villager (Male) |
| 0:16 | Create | Villager (Male) |
| 1:39 | Create | Villager (Male) |
| 1:51 | Create | Villager (Male) |
| 2:06 | Build | Mule Cart |
| 2:14 | Create | Villager (Male) |
| 2:38 | Create | Villager (Male) |
| 2:38 | Create | Villager (Male) |
| 3:05 | Create | Villager (Male) |
| 3:08 | Create | Villager (Male) |
| 3:29 | Build | House |
| 3:39 | Create | Villager (Male) |
| 4:02 | Create | Villager (Male) |
| 4:12 | Create | Villager (Male) |
| 4:12 | Create | Villager (Male) |
| 4:28 | Build | House |
| 4:38 | Create | Villager (Male) |
| 4:38 | Create | Villager (Male) |
| 4:55 | Build | House |
| 5:01 | Create | Villager (Male) |
| 5:35 | Build | Mill |
| 6:13 | Create | Villager (Male) |
| 6:13 | Create | Villager (Male) |
| 6:29 | Build | Farm |
| 6:42 | Build | Farm |
| 6:56 | Create | Villager (Male) |
| 6:57 | Create | Villager (Male) |
| 7:08 | Build | Farm |
| 7:28 | Create | Villager (Male) |
| 7:45 | Create | Villager (Male) |
| 8:19 | Build | Mule Cart |
| 8:31 | Create | Villager (Male) |
| 9:06 | Research | Feudal Age |
| 9:06 | Research | Feudal Age |
| 10:39 | Build | Farm |
| 11:20 | Create | Villager (Male) |
| 11:22 | Age | Feudal Age |
| 11:28 | Build | Blacksmith |
| 11:29 | Build | Market |
| 11:51 | Create | Villager (Male) |
| 12:13 | Build | House |
| 12:18 | Research | Castle Age |
| 12:18 | Research | Castle Age |
| 12:23 | Build | Farm |
| 12:26 | Build | Farm |
| 12:46 | Research | Horse Collar |
| 12:47 | Research | Horse Collar |
| 12:54 | Build | House |
| 13:26 | Research | Double-Bit Axe |
| 13:26 | Research | Double-Bit Axe |
| 13:59 | Research | Gold Mining |
| 14:34 | Create | Villager (Male) |
| 14:58 | Age | Castle Age |
| 15:01 | Build | Castle |
| 15:12 | Create | Villager (Male) |
| 15:21 | Create | Villager (Male) |
| 15:29 | Build | Farm |
| 15:49 | Build | Stone Wall |
| 15:55 | Build | Stone Wall |
| 15:58 | Create | Villager (Male) |
| 16:05 | Build | Stone Wall |
| 16:07 | Create | Villager (Male) |
| 16:19 | Build | Gate |
| 16:22 | Build | House |
| 16:23 | Create | Composite Bowman |
| 16:23 | Create | Composite Bowman |
| 16:24 | Create | Villager (Male) |
| 16:35 | Build | Monastery |
| 16:37 | Build | Farm |
| 16:37 | Build | Farm |
| 16:39 | Create | Villager (Male) |
| 16:46 | Research | Bow Saw |
| 16:47 | Research | Loom |
| 16:48 | Create | Villager (Male) |
| 16:57 | Build | Farm |
| 17:14 | Build | Farm |
| 17:22 | Create | Villager (Male) |
| 17:22 | Create | Villager (Male) |
| 17:35 | Build | Farm |
| 17:44 | Build | Farm |
| 17:44 | Create | Villager (Male) |
| 17:45 | Create | Villager (Male) |
| 17:48 | Build | Farm |
| 17:55 | Create | Composite Bowman |
| 18:04 | Build | Farm |
| 18:06 | Create | Composite Bowman |
| 18:17 | Create | Monk |
| 18:19 | Create | Monk |
| 18:26 | Create | Villager (Male) |
| 18:38 | Build | Monastery |
| 18:47 | Create | Villager (Male) |
| 19:04 | Research | Sanctity |
| 19:19 | Build | Farm |
| 19:21 | Build | Farm |
| 19:28 | Create | Villager (Male) |
| 19:39 | Build | Farm |
| 19:49 | Build | House |
| 19:52 | Create | Villager (Male) |
| 20:03 | Research | Redemption |
| 20:03 | Research | Redemption |
| 20:07 | Build | House |
| 20:21 | Create | Villager (Male) |
| 20:21 | Create | Villager (Male) |
| 20:22 | Create | Villager (Male) |
| 20:22 | Create | Villager (Male) |
| 20:24 | Build | Farm |
| 20:27 | Build | Farm |
| 20:38 | Create | Monk |
| 20:38 | Create | Monk |
| 21:02 | Create | Monk |
| 21:47 | Build | Monastery |
| 22:43 | Research | Imperial Age |
| 22:43 | Research | Imperial Age |
| 22:47 | Build | Mule Cart |
| 23:14 | Create | Monk |
| 23:14 | Create | Monk |
| 23:32 | Build | Stone Wall |
| 23:33 | Build | Stone Wall |
| 23:39 | Create | Monk |
| 23:40 | Create | Monk |
| 24:01 | Create | Monk |
| 24:01 | Create | Monk |
| 24:18 | Build | Stone Wall |
| 24:20 | Create | Monk |
| 24:20 | Create | Monk |
| 24:29 | Build | Town Center |
| 24:45 | Create | Monk |
| 24:45 | Create | Monk |
| 24:54 | Create | Villager (Male) |
| 25:07 | Research | Fervor |
| 25:07 | Research | Fervor |
| 25:07 | Research | Fervor |
| 25:23 | Create | Monk |
| 25:23 | Create | Monk |
| 25:36 | Build | House |
| 25:36 | Build | House |
| 25:37 | Build | House |
| 25:41 | Build | University |
| 25:53 | Age | Imperial Age |
| 25:57 | Create | Trebuchet (Packed) |
| 26:20 | Create | Villager (Male) |
| 26:20 | Create | Villager (Male) |
| 26:21 | Create | Villager (Male) |
| 26:21 | Create | Villager (Male) |
| 26:21 | Create | Villager (Male) |
| 26:22 | Create | Villager (Male) |
Build order — 口古口古嘎嘎
First 150 of 456 actions detected
| 0:02 | Create | Villager (Male) |
| 0:02 | Create | Villager (Male) |
| 0:03 | Create | Villager (Male) |
| 0:04 | Build | House |
| 0:06 | Build | House |
| 0:20 | Create | Villager (Male) |
| 0:21 | Create | Villager (Male) |
| 1:29 | Create | Villager (Male) |
| 1:53 | Build | Settlement |
| 2:11 | Create | Villager (Male) |
| 2:26 | Create | Villager (Male) |
| 2:27 | Create | Villager (Male) |
| 2:54 | Create | Villager (Male) |
| 2:54 | Create | Villager (Male) |
| 3:06 | Create | Villager (Male) |
| 3:07 | Create | Villager (Male) |
| 3:50 | Create | Villager (Male) |
| 3:50 | Create | Villager (Male) |
| 3:51 | Create | Villager (Male) |
| 4:20 | Build | Settlement |
| 4:27 | Create | Villager (Male) |
| 4:28 | Create | Villager (Male) |
| 4:28 | Create | Villager (Male) |
| 5:00 | Create | Villager (Male) |
| 5:00 | Create | Villager (Male) |
| 5:43 | Create | Villager (Male) |
| 5:44 | Create | Villager (Male) |
| 5:44 | Create | Villager (Male) |
| 6:11 | Create | Villager (Male) |
| 6:12 | Create | Villager (Male) |
| 6:12 | Create | Villager (Male) |
| 6:29 | Create | Villager (Male) |
| 6:55 | Build | Settlement |
| 7:05 | Create | Villager (Male) |
| 7:50 | Research | Feudal Age |
| 8:07 | Build | Palisade Wall |
| 8:10 | Build | Palisade Wall |
| 8:11 | Build | Palisade Wall |
| 8:12 | Build | Palisade Wall |
| 8:12 | Build | Palisade Wall |
| 8:27 | Create | Villager (Male) |
| 8:33 | Research | Loom |
| 8:34 | Create | Villager (Male) |
| 8:42 | Build | Palisade Wall |
| 8:55 | Build | Palisade Wall |
| 9:07 | Build | Palisade Wall |
| 9:07 | Build | Palisade Wall |
| 9:08 | Build | Palisade Wall |
| 9:09 | Build | Palisade Wall |
| 9:23 | Create | Villager (Male) |
| 9:27 | Build | House |
| 9:44 | Build | House |
| 9:48 | Build | Palisade Wall |
| 9:54 | Build | Palisade Wall |
| 10:06 | Build | Palisade Wall |
| 10:11 | Age | Feudal Age |
| 10:24 | Build | Market |
| 10:29 | Create | Villager (Male) |
| 10:29 | Create | Villager (Male) |
| 10:43 | Build | House |
| 11:20 | Build | Stone Wall |
| 11:26 | Create | Villager (Male) |
| 11:36 | Create | Villager (Male) |
| 11:50 | Build | Stone Wall |
| 11:51 | Build | Stone Wall |
| 11:56 | Build | Stone Wall |
| 12:12 | Create | Villager (Male) |
| 12:23 | Build | Blacksmith |
| 13:11 | Research | Castle Age |
| 13:15 | Build | House |
| 13:47 | Build | Stone Wall |
| 13:48 | Build | Stone Wall |
| 14:00 | Create | Villager (Male) |
| 14:50 | Build | Stone Wall |
| 15:07 | Build | Stone Wall |
| 15:19 | Build | Stone Wall |
| 15:51 | Age | Castle Age |
| 15:54 | Build | Siege Workshop |
| 16:02 | Create | Villager (Male) |
| 16:22 | Create | Mangonel |
| 16:37 | Build | Settlement |
| 16:39 | Build | Farm |
| 16:39 | Build | Farm |
| 16:45 | Create | Mangonel |
| 17:06 | Create | Villager (Male) |
| 17:09 | Create | Mangonel |
| 17:14 | Build | House |
| 17:18 | Build | House |
| 17:27 | Create | Villager (Male) |
| 17:32 | Build | Farm |
| 17:35 | Build | Farm |
| 17:47 | Build | Farm |
| 18:08 | Create | Villager (Male) |
| 18:11 | Build | Farm |
| 18:18 | Build | Farm |
| 19:05 | Create | Villager (Male) |
| 19:53 | Create | Mangonel |
| 19:54 | Create | Mangonel |
| 19:56 | Create | Villager (Male) |
| 21:46 | Build | House |
| 21:49 | Build | House |
| 21:51 | Build | House |
| 22:08 | Build | Town Center |
| 23:18 | Build | Town Center |
| 23:29 | Create | Villager (Male) |
| 23:29 | Create | Villager (Male) |
| 23:49 | Build | Farm |
| 23:53 | Build | Farm |
| 23:59 | Build | Farm |
| 24:00 | Create | Villager (Male) |
| 24:28 | Create | Villager (Male) |
| 24:28 | Create | Villager (Male) |
| 24:46 | Build | Farm |
| 24:51 | Build | Farm |
| 24:54 | Build | Farm |
| 24:57 | Build | Farm |
| 25:00 | Build | Farm |
| 25:11 | Build | Farm |
| 25:14 | Build | Farm |
| 25:19 | Build | Farm |
| 25:21 | Create | Villager (Male) |
| 25:21 | Create | Villager (Male) |
| 25:50 | Create | Villager (Male) |
| 25:50 | Create | Villager (Male) |
| 26:00 | Build | Farm |
| 26:05 | Build | Farm |
| 26:08 | Build | Farm |
| 26:11 | Create | Villager (Male) |
| 26:22 | Create | Villager (Male) |
| 26:22 | Create | Villager (Male) |
| 26:37 | Build | Settlement |
| 26:39 | Create | Villager (Male) |
| 26:39 | Create | Villager (Male) |
| 27:04 | Create | Villager (Male) |
| 27:04 | Create | Villager (Male) |
| 27:05 | Create | Villager (Male) |
| 27:05 | Create | Villager (Male) |
| 27:32 | Create | Villager (Male) |
| 27:33 | Create | Villager (Male) |
| 27:33 | Create | Villager (Male) |
| 27:41 | Build | Farm |
| 27:43 | Build | Farm |
| 27:45 | Build | Farm |
| 27:47 | Build | Farm |
| 27:50 | Build | Farm |
| 27:56 | Build | Farm |
| 28:03 | Create | Villager (Male) |
| 28:03 | Create | Villager (Male) |
| 28:03 | Create | Villager (Male) |
| 28:06 | Build | Farm |
Build order — raybb9429
First 150 of 694 actions detected
| 0:00 | Create | Villager (Male) |
| 0:00 | Create | Villager (Male) |
| 0:01 | Create | Villager (Male) |
| 0:02 | Build | House |
| 0:04 | Build | House |
| 0:06 | Create | Villager (Male) |
| 0:07 | Create | Villager (Male) |
| 1:28 | Create | Villager (Male) |
| 1:28 | Create | Villager (Male) |
| 1:50 | Build | Lumber Camp |
| 2:04 | Create | Villager (Male) |
| 2:04 | Create | Villager (Male) |
| 2:16 | Create | Villager (Male) |
| 2:16 | Create | Villager (Male) |
| 2:49 | Create | Villager (Male) |
| 2:50 | Create | Villager (Male) |
| 3:03 | Create | Villager (Male) |
| 3:04 | Create | Villager (Male) |
| 3:31 | Build | House |
| 3:33 | Build | House |
| 3:34 | Build | House |
| 3:38 | Research | Loom |
| 3:52 | Create | Villager (Male) |
| 3:53 | Create | Villager (Male) |
| 3:53 | Create | Villager (Male) |
| 3:53 | Create | Villager (Male) |
| 4:07 | Create | Villager (Male) |
| 4:07 | Create | Villager (Male) |
| 4:40 | Create | Villager (Male) |
| 4:40 | Create | Villager (Male) |
| 5:24 | Build | Mill |
| 5:26 | Create | Villager (Male) |
| 5:26 | Create | Villager (Male) |
| 5:26 | Create | Villager (Male) |
| 5:34 | Create | Villager (Male) |
| 6:20 | Create | Villager (Male) |
| 6:37 | Create | Villager (Male) |
| 7:04 | Create | Villager (Male) |
| 7:04 | Create | Villager (Male) |
| 7:16 | Build | Mining Camp |
| 7:28 | Create | Villager (Male) |
| 7:46 | Create | Villager (Male) |
| 7:49 | Build | Farm |
| 7:50 | Build | Farm |
| 7:55 | Build | Farm |
| 8:30 | Research | Feudal Age |
| 8:31 | Research | Feudal Age |
| 9:17 | Build | Farm |
| 9:20 | Build | Farm |
| 11:13 | Create | Villager (Male) |
| 11:13 | Create | Villager (Male) |
| 11:28 | Age | Feudal Age |
| 11:29 | Build | Market |
| 11:32 | Build | Blacksmith |
| 11:48 | Build | House |
| 12:09 | Research | Double-Bit Axe |
| 12:20 | Research | Castle Age |
| 13:02 | Research | Horse Collar |
| 13:02 | Research | Horse Collar |
| 13:09 | Build | Farm |
| 13:10 | Build | Farm |
| 13:54 | Create | Villager (Male) |
| 13:54 | Create | Villager (Male) |
| 15:00 | Age | Castle Age |
| 15:03 | Build | Town Center |
| 15:05 | Build | Town Center |
| 15:14 | Build | Town Center |
| 15:15 | Research | Bow Saw |
| 15:15 | Research | Bow Saw |
| 15:39 | Research | Heavy Plow |
| 15:40 | Create | Villager (Male) |
| 16:00 | Create | Villager (Male) |
| 16:09 | Build | Farm |
| 16:32 | Create | Villager (Male) |
| 16:38 | Build | Farm |
| 16:39 | Build | Farm |
| 16:43 | Build | Farm |
| 16:46 | Create | Villager (Male) |
| 16:51 | Build | Farm |
| 16:52 | Create | Villager (Male) |
| 16:52 | Create | Villager (Male) |
| 16:52 | Create | Villager (Male) |
| 16:58 | Build | Farm |
| 17:05 | Build | Farm |
| 17:06 | Create | Villager (Male) |
| 17:11 | Create | Villager (Male) |
| 17:11 | Create | Villager (Male) |
| 17:15 | Build | House |
| 17:25 | Create | Villager (Male) |
| 17:30 | Build | Farm |
| 17:33 | Build | Farm |
| 17:35 | Create | Villager (Male) |
| 17:46 | Create | Villager (Male) |
| 17:47 | Build | Farm |
| 17:48 | Build | Farm |
| 17:55 | Build | Farm |
| 17:57 | Create | Villager (Male) |
| 17:58 | Create | Villager (Male) |
| 18:01 | Build | Farm |
| 18:06 | Build | Farm |
| 18:08 | Create | Villager (Male) |
| 18:15 | Build | Farm |
| 18:19 | Create | Villager (Male) |
| 18:20 | Create | Villager (Male) |
| 18:30 | Build | Farm |
| 18:31 | Create | Villager (Male) |
| 18:31 | Create | Villager (Male) |
| 18:40 | Build | Farm |
| 18:40 | Create | Villager (Male) |
| 18:41 | Create | Villager (Male) |
| 18:44 | Build | Farm |
| 18:45 | Create | Villager (Male) |
| 18:52 | Build | Farm |
| 18:53 | Create | Villager (Male) |
| 18:59 | Build | Farm |
| 19:06 | Build | Farm |
| 19:07 | Create | Villager (Male) |
| 19:07 | Create | Villager (Male) |
| 19:07 | Create | Villager (Male) |
| 19:13 | Build | Farm |
| 19:14 | Build | Farm |
| 19:17 | Build | House |
| 19:17 | Create | Villager (Male) |
| 19:18 | Create | Villager (Male) |
| 19:26 | Create | Villager (Male) |
| 19:31 | Build | Farm |
| 19:32 | Build | Farm |
| 19:32 | Create | Villager (Male) |
| 19:32 | Create | Villager (Male) |
| 19:36 | Create | Villager (Male) |
| 19:47 | Build | Farm |
| 19:48 | Create | Villager (Male) |
| 19:48 | Create | Villager (Male) |
| 19:48 | Create | Villager (Male) |
| 19:53 | Create | Villager (Male) |
| 19:54 | Create | Villager (Male) |
| 19:56 | Build | House |
| 20:03 | Create | Villager (Male) |
| 20:03 | Create | Villager (Male) |
| 20:12 | Create | Villager (Male) |
| 20:12 | Create | Villager (Male) |
| 20:12 | Create | Villager (Male) |
| 20:16 | Build | Farm |
| 20:23 | Build | House |
| 20:25 | Build | Farm |
| 20:26 | Create | Villager (Male) |
| 20:33 | Create | Villager (Male) |
| 20:33 | Create | Villager (Male) |
| 20:37 | Build | Farm |
| 20:38 | Build | Farm |
Match timeline
| 8:07 | 口古口古嘎嘎 · wall_segment Palisade Wall x1 |
| 8:10 | 口古口古嘎嘎 · wall_segment Palisade Wall x1 |
| 8:11 | 口古口古嘎嘎 · wall_segment Palisade Wall x1 |
| 8:12 | 口古口古嘎嘎 · wall_segment Palisade Wall x1 |
| 8:12 | 口古口古嘎嘎 · wall_segment Palisade Wall x1 |
| 8:26 | MrLaoLiu · age_up feudal |
| 8:42 | 口古口古嘎嘎 · wall_segment Palisade Wall x3 |
| 8:55 | 口古口古嘎嘎 · wall_segment Palisade Wall x8 |
| 8:55 | 散步小鵝 · age_up feudal |
| 9:07 | 口古口古嘎嘎 · wall_segment Palisade Wall x1 |
| 9:07 | 口古口古嘎嘎 · wall_segment Palisade Wall x1 |
| 9:08 | 口古口古嘎嘎 · wall_segment Palisade Wall x1 |
| 9:09 | 口古口古嘎嘎 · wall_segment Palisade Wall x1 |
| 9:48 | 口古口古嘎嘎 · wall_segment Palisade Wall x1 |
| 9:54 | 口古口古嘎嘎 · wall_segment Palisade Wall x8 |
| 10:06 | 口古口古嘎嘎 · wall_segment Palisade Wall x2 |
| 10:08 | 小白 · age_up feudal |
| 10:11 | 口古口古嘎嘎 · age_up feudal |
| 10:57 | 色狼英雄传 · age_up feudal |
| 11:20 | 口古口古嘎嘎 · wall_segment Stone Wall x6 |
| 11:22 | ANKR.ice cream · age_up feudal |
| 11:26 | luff · age_up feudal |
| 11:28 | raybb9429 · age_up feudal |
| 11:50 | 口古口古嘎嘎 · wall_segment Stone Wall x1 |
| 11:51 | 口古口古嘎嘎 · wall_segment Stone Wall x1 |
| 11:53 | luff · wall_segment Palisade Wall x6 |
| 11:56 | 口古口古嘎嘎 · wall_segment Stone Wall x1 |
| 12:30 | luff · first_market_buy 100 food |
| 12:33 | luff · first_market_sell 100 wood |
| 12:53 | luff · wall_segment Palisade Wall x5 |
| 13:09 | 口古口古嘎嘎 · first_market_sell 100 wood |
| 13:47 | 口古口古嘎嘎 · wall_segment Stone Wall x4 |
| 13:48 | 口古口古嘎嘎 · wall_segment Stone Wall x1 |
| 13:54 | 小白 · age_up castle |
| 14:00 | 小白 · first_building Monastery |
| 14:27 | 色狼英雄传 · age_up castle |
| 14:41 | raybb9429 · first_market_buy 100 stone |
| 14:50 | 口古口古嘎嘎 · wall_segment Stone Wall x1 |
| 14:58 | ANKR.ice cream · age_up castle |
| 14:59 | 散步小鵝 · first_building Barracks |
| 15:00 | raybb9429 · age_up castle |
| 15:01 | ANKR.ice cream · first_building Castle |
| 15:07 | 口古口古嘎嘎 · wall_segment Stone Wall x1 |
| 15:14 | luff · age_up castle |
| 15:17 | luff · first_building Castle |
| 15:19 | 口古口古嘎嘎 · wall_segment Stone Wall x1 |
| 15:20 | MrLaoLiu · wall_segment Palisade Wall x1 |
| 15:41 | luff · first_building Siege Workshop |
| 15:49 | ANKR.ice cream · wall_segment Stone Wall x1 |
| 15:51 | 口古口古嘎嘎 · age_up castle |
| 15:54 | 口古口古嘎嘎 · first_building Siege Workshop |
| 15:55 | ANKR.ice cream · wall_segment Stone Wall x6 |
| 15:56 | 散步小鵝 · first_building Stable |
| 16:05 | ANKR.ice cream · wall_segment Stone Wall x5 |
| 16:35 | ANKR.ice cream · first_building Monastery |
| 16:52 | 散步小鵝 · first_building Siege Workshop |
| 17:05 | 口古口古嘎嘎 · first_market_buy 100 food |
| 19:39 | 散步小鵝 · age_up castle |
| 20:37 | MrLaoLiu · first_market_sell 100 food |
| 20:47 | 色狼英雄传 · first_building Barracks |
| 21:17 | 色狼英雄传 · first_building Stable |
| 22:03 | ANKR.ice cream · first_market_sell 100 wood |
| 22:39 | ANKR.ice cream · first_market_buy 100 food |
| 23:18 | 色狼英雄传 · first_building Siege Workshop |
| 23:21 | raybb9429 · first_building Castle |
| 23:26 | MrLaoLiu · age_up castle |
| 23:30 | MrLaoLiu · first_building Castle |
| 23:32 | ANKR.ice cream · wall_segment Stone Wall x3 |
| 23:33 | ANKR.ice cream · wall_segment Stone Wall x3 |
| 23:37 | 小白 · first_market_buy 100 food |
| 23:48 | 散步小鵝 · first_market_buy 100 stone |
| 24:18 | ANKR.ice cream · wall_segment Stone Wall x1 |
| 24:38 | 小白 · first_building Barracks |
| 24:49 | raybb9429 · first_building Barracks |
| 24:57 | raybb9429 · first_market_sell 100 food |
| 25:11 | 色狼英雄传 · first_building Monastery |
| 25:30 | 小白 · first_building Castle |
| 25:31 | 色狼英雄传 · first_building Castle |
| 25:34 | luff · age_up imperial |
| 25:51 | 小白 · first_building Stable |
| 25:53 | raybb9429 · first_building Stable |
| 25:53 | ANKR.ice cream · age_up imperial |
| 27:51 | 色狼英雄传 · wall_segment Stone Wall x1 |
| 28:07 | 小白 · age_up imperial |
| 28:10 | raybb9429 · age_up imperial |
| 28:49 | 色狼英雄传 · age_up imperial |
| 29:20 | ANKR.ice cream · first_building Barracks |
| 29:31 | MrLaoLiu · age_up imperial |
| 29:44 | MrLaoLiu · first_building Barracks |
| 30:00 | raybb9429 · first_building Siege Workshop |
| 30:05 | 散步小鵝 · first_market_sell 100 wood |
| 30:14 | 色狼英雄传 · first_market_sell 100 food |
| 30:14 | 散步小鵝 · first_building Monastery |
| 30:15 | 色狼英雄传 · first_market_buy 100 stone |
| 30:32 | MrLaoLiu · first_building Archery Range |
| 30:48 | 色狼英雄传 · first_building Archery Range |
| 31:41 | MrLaoLiu · first_market_buy 100 wood |
| 32:39 | MrLaoLiu · first_building Siege Workshop |
| 33:02 | ANKR.ice cream · wall_segment Stone Wall x1 |
| 33:05 | 散步小鵝 · first_building Castle |
| 34:16 | 散步小鵝 · age_up imperial |
| 34:46 | luff · wall_segment Stone Wall x6 |
| 34:59 | 小白 · tribute_sent a jugador 2 |
| 34:59 | 小白 · tribute_sent a jugador 3 |
| 34:59 | 小白 · tribute_sent a jugador 4 |
| 34:59 | 小白 · tribute_sent a jugador 5 |
| 34:59 | 小白 · tribute_sent a jugador 6 |
| 34:59 | 小白 · tribute_sent a jugador 7 |
| 34:59 | 小白 · tribute_sent a jugador 8 |
| 35:07 | ANKR.ice cream · wall_segment Stone Wall x13 |
| 36:07 | 口古口古嘎嘎 · first_building Barracks |
| 37:54 | luff · first_building Barracks |
| 38:12 | raybb9429 · tribute_sent a jugador 1 |
| 38:12 | raybb9429 · tribute_sent a jugador 2 |
| 38:12 | raybb9429 · tribute_sent a jugador 3 |
| 38:12 | raybb9429 · tribute_sent a jugador 4 |
| 38:12 | raybb9429 · tribute_sent a jugador 5 |
| 38:12 | raybb9429 · tribute_sent a jugador 6 |
| 38:12 | raybb9429 · tribute_sent a jugador 7 |
| 40:16 | luff · wall_segment Stone Wall x8 |
| 40:26 | raybb9429 · first_building Archery Range |
| 40:45 | MrLaoLiu · wall_segment Stone Wall x6 |
| 40:53 | MrLaoLiu · wall_segment Stone Wall x4 |
| 40:58 | MrLaoLiu · wall_segment Stone Wall x4 |
| 41:02 | MrLaoLiu · wall_segment Stone Wall x1 |
| 41:48 | 散步小鵝 · first_building Archery Range |
| 42:04 | 口古口古嘎嘎 · first_building Monastery |
| 42:09 | 小白 · tribute_sent a jugador 2 |
| 42:09 | 小白 · tribute_sent a jugador 3 |
| 42:09 | 小白 · tribute_sent a jugador 4 |
| 42:09 | 小白 · tribute_sent a jugador 5 |
| 42:09 | 小白 · tribute_sent a jugador 6 |
| 42:09 | 小白 · tribute_sent a jugador 7 |
| 42:09 | 小白 · tribute_sent a jugador 8 |
| 42:16 | raybb9429 · tribute_sent a jugador 1 |
| 42:16 | raybb9429 · tribute_sent a jugador 2 |
| 42:16 | raybb9429 · tribute_sent a jugador 3 |
| 42:16 | raybb9429 · tribute_sent a jugador 4 |
| 42:16 | raybb9429 · tribute_sent a jugador 5 |
| 42:16 | raybb9429 · tribute_sent a jugador 6 |
| 42:16 | raybb9429 · tribute_sent a jugador 7 |
| 42:29 | luff · first_building Archery Range |
| 43:16 | luff · first_building Stable |
| 43:23 | raybb9429 · tribute_sent a jugador 1 |
| 43:23 | raybb9429 · tribute_sent a jugador 2 |
| 43:23 | raybb9429 · tribute_sent a jugador 3 |
| 43:23 | raybb9429 · tribute_sent a jugador 4 |
| 43:23 | raybb9429 · tribute_sent a jugador 5 |
| 43:23 | raybb9429 · tribute_sent a jugador 6 |
| 43:23 | raybb9429 · tribute_sent a jugador 7 |
| 43:50 | raybb9429 · tribute_sent a jugador 1 |
| 43:50 | raybb9429 · tribute_sent a jugador 2 |
| 43:50 | raybb9429 · tribute_sent a jugador 3 |
| 43:50 | raybb9429 · tribute_sent a jugador 4 |
| 43:50 | raybb9429 · tribute_sent a jugador 5 |
| 43:50 | raybb9429 · tribute_sent a jugador 6 |
| 43:50 | raybb9429 · tribute_sent a jugador 7 |
| 44:00 | ANKR.ice cream · first_building Siege Workshop |
| 44:08 | 口古口古嘎嘎 · first_building Archery Range |
| 45:30 | raybb9429 · tribute_sent a jugador 1 |
| 45:30 | raybb9429 · tribute_sent a jugador 2 |
| 45:30 | raybb9429 · tribute_sent a jugador 3 |
| 45:30 | raybb9429 · tribute_sent a jugador 4 |
| 45:30 | raybb9429 · tribute_sent a jugador 5 |
| 45:30 | raybb9429 · tribute_sent a jugador 6 |
| 45:30 | raybb9429 · tribute_sent a jugador 7 |
| 45:46 | raybb9429 · tribute_sent a jugador 1 |
| 45:46 | raybb9429 · tribute_sent a jugador 2 |
| 45:46 | raybb9429 · tribute_sent a jugador 3 |
| 45:46 | raybb9429 · tribute_sent a jugador 4 |
| 45:46 | raybb9429 · tribute_sent a jugador 5 |
| 45:46 | raybb9429 · tribute_sent a jugador 6 |
| 45:46 | raybb9429 · tribute_sent a jugador 7 |
| 45:57 | 口古口古嘎嘎 · age_up imperial |
| 47:07 | 小白 · first_building Siege Workshop |
| 50:35 | 小白 · first_market_sell 500 food |
| 52:33 | 色狼英雄传 · tribute_sent a jugador 1 |
| 52:33 | 色狼英雄传 · tribute_sent a jugador 2 |
| 52:33 | 色狼英雄传 · tribute_sent a jugador 3 |
| 52:33 | 色狼英雄传 · tribute_sent a jugador 4 |
| 52:33 | 色狼英雄传 · tribute_sent a jugador 6 |
| 52:33 | 色狼英雄传 · tribute_sent a jugador 7 |
| 52:33 | 色狼英雄传 · tribute_sent a jugador 8 |
| 53:32 | 散步小鵝 · resign |
[ AI ANALYSIS · 1 CREDIT ]
What really happened in this match?
Wolo.gg analyzes every decision: build order, eco, micro, common mistakes by bracket. Personalized analysis on WhatsApp or Discord in 30 seconds.
Civ guide
Mongols
Perfil
色狼英雄传